 Dungeon Crawl Stone Soup version 0.22.0-75-g3901e79 (webtiles) character file.

1528 codl the Skirmisher (level 8, 0/73 HPs)
             Began as a Minotaur Berserker on Sept 11, 2018.
             Was a Priest of Trog.
             Slain by an orc warrior
             ... wielding a +0 halberd
              (16 damage)
             ... on level 7 of the Dungeon.
             The game lasted 01:03:36 (6904 turns).

codl the Skirmisher (Minotaur Berserker)            Turns: 6904, Time: 01:03:36

Health: 0/73       AC:  6    Str: 22    XL:     8   Next: 55%
Magic:  7/7        EV: 13    Int:  6    God:    Trog [***...]
Gold:   336        SH:  0    Dex: 10    Spells: 7/7 levels left

rFire    . . .     SeeInvis .   a - +3 mace
rCold    . . .     Gourm    .   (no shield)
rNeg     . . .     Faith    .   t - +0 leather armour
rPois    .         Spirit   .   (helmet restricted)
rElec    .         Reflect  .   (no cloak)
rCorr    .         Harm     .   (no gloves)
MR       .....                  d - +0 pair of boots
Stlth    +.........             (no amulet)
HPRegen  0.22/turn              (no ring)
MPRegen  0.10/turn              (no ring)

@: drained
A: retaliatory headbutt, horns 2, thin metallic scales 1, clever 1, clumsy 1,
sense surroundings 1
a: Berserk, Trog's Hand, Renounce Religion


You were on level 7 of the Dungeon.
You worshipped Trog.
Trog was most pleased with you.
You were not hungry.

You visited 2 branches of the dungeon, and saw 8 of its levels.

You collected 336 gold pieces.

Inventory:

Hand Weapons
 a - a +3 mace (weapon)
 b - a +0 hunting sling
 n - a +0 spear
 r - a +1 antimagic scimitar
 u - a +2 quarterstaff of chaos
Missiles
 j - 170 stones (quivered)
 H - 5 needles of confusion
 J - 18 poisoned needles
Armour
 d - a +0 pair of boots (worn)
 t - a +0 leather armour (worn)
 v - a +0 leather armour of cold resistance
 x - a +3 leather armour
Jewellery
 p - an uncursed ring of positive energy {unknown}
 y - an uncursed ring of fire {unknown}
 B - a +4 ring of evasion {unknown}
 I - a +4 ring of intelligence {unknown}
Wands
 F - a wand of disintegration (5)
Scrolls
 e - a scroll of blinking
 f - 3 scrolls of magic mapping
 g - 5 scrolls of remove curse
 k - 4 scrolls of teleportation
 l - a scroll of fog
 q - a scroll of amnesia {unknown}
 z - a scroll of enchant weapon {unknown}
 A - a scroll of immolation {unknown}
 D - a scroll of enchant armour {unknown}
 G - a scroll of fear {unknown}
Potions
 h - 5 potions of curing
 i - a potion of flight {unknown}
 m - a potion of berserk rage {unknown}
 o - a potion of mutation
 s - a potion of resistance {unknown}
 w - 3 potions of brilliance {unknown}
 C - 3 potions of lignification
 E - a potion of ambrosia {unknown}
Comestibles
 c - 7 rations
 K - 4 chunks of flesh


   Skills:
 + Level 7.0(6.2) Fighting
 + Level 5.4(4.7) Maces & Flails
 - Level 5.7(4.9) Polearms
 + Level 4.2(3.6) Slings
 - Level 1.1(1.9) Throwing
 + Level 4.7(4.0) Armour
 + Level 5.3(4.6) Dodging
 - Level 0.6(0.0) Stealth


You had 7 spell levels left.
You didn't know any spells.
Your spell library contained the following spells:

 Spells                   Type           Power        Failure   Level  Hunger
 Animate Skeleton         Necr           N/A          50%         1    ##.....
 Pain                     Necr           #...         50%         1    ##.....


Dungeon Overview and Level Annotations

Branches:
Dungeon (7/15)             Temple (1/1) D:5

Altars:
Cheibriados
Elyvilon
Makhleb
Ru
Trog
Vehumet
Wu Jian
Yredelemnul
The Shining One


Innate Abilities, Weirdness & Mutations

You reflexively headbutt those who attack you in melee.
You have a pair of horns on your head.
You are partially covered in thin metallic scales. (AC +2)
Your mind is acute. (Int +2)
You are clumsy. (Dex -2)
You passively map a small area around you.


Message History

The wight hits you with an enchanted battleaxe!
You feel drained.
An orc warrior comes into view. It is wielding a halberd.
You barely miss the wight. Your headbutt misses the wight.
The wight is lightly damaged.
The wight barely misses you.
You hit the wight but do no damage. Your headbutt misses the wight.
The wight is lightly damaged.
The wight hits you with an enchanted battleaxe!
You feel drained.
You hit the wight.
You headbutt the wight, but do no damage.
The wight is heavily damaged.
The orc warrior hits you from afar with a halberd!
You hit the wight. Your headbutt misses the wight.
The wight is almost destroyed.
The wight hits you with an enchanted battleaxe!
* * * LOW HITPOINT WARNING * * *
The orc warrior hits you from afar with a halberd!
You die...

* ##.###### .. * #..#....## #...#
, ,, ........###...##### , *
................... ,,,
#######.#...........#####
#.......#...........#
#.##....#...........#
#@##....#...........# ,
#.####z##........#.......##
#....zzo.........#........##
#.##.####z##........###.####..###
[.......z.##....##### #.# ###....
.....!.########(# #.###...###
.....z.#*** * #.# #.##..### #
#.##z### , .h# #..#.## #, #.
,F..# ##...#♣,


You could see an orc warrior and 5 wights.

Vanquished Creatures
  A hornet (D:7)
  A sky beast (D:7)
  3 centaurs
  4 bullfrogs
  A wyvern zombie (D:6)
  A crimson imp (D:5)
  2 centaur skeletons
  A hound (D:4)
  An orc priest (D:6)
  3 orc wizards
  An iguana (D:4)
  Crazy Yiuf (D:3)
  Jessica (D:3)
  Natasha (D:3)
  2 worker ants (D:4)
  5 gnolls
  12 adders
  A shadow imp (D:6)
  3 oozes
  An adder skeleton (D:4)
  5 worms
  A dart slug (D:2)
  3 leopard geckos
  16 orcs
  5 giant cockroaches
  5 goblins
  7 hobgoblins
  5 jackals (D:7)
  2 quokkas
  A ball python (D:5)
  A ball python zombie (D:5)
  3 bats
  9 frilled lizards
  16 kobolds
  A leopard gecko skeleton (D:4)
  8 rats
  A withered plant (D:6)
135 creatures vanquished.

Notes
Turn   | Place    | Note
-------+----------+-------------------------------------------
     0 | D:1      | codl the Minotaur Berserker began the quest for the Orb.
     0 | D:1      | Reached XP level 1. HP: 19/19 MP: 0/0
   178 | D:1      | Reached skill level 4 in Fighting
   178 | D:1      | Reached XP level 2. HP: 27/27 MP: 1/1
   769 | D:2      | Reached XP level 3. HP: 28/33 MP: 2/2
  1013 | D:2      | Reached ** piety under Trog
  1328 | D:2      | Reached XP level 4. HP: 40/41 MP: 3/3
  1519 | D:2      | Reached skill level 5 in Polearms
  1915 | D:3      | Reached XP level 5. HP: 46/47 MP: 4/4
  1991 | D:3      | Found a runed door.
  2000 | D:3      | Noticed Crazy Yiuf
  2002 | D:3      | i dont want to deal with this man
  2003 | D:3      | no
  2013 | D:3      | Killed Crazy Yiuf
  2282 | D:3      | oof
  2446 | D:3      | yum sausag
  2471 | D:3      | Noticed Jessica
  2479 | D:3      | Killed Jessica
  2479 | D:3      | Reached skill level 5 in Fighting
  2479 | D:3      | Reached skill level 1 in Throwing
  2480 | D:3      | ez
  2489 | D:3      | it's not cannibalism if i'm not human
  2491 | D:3      | Identified Jessica's Grimoire of Unholy Magic
  2499 | D:3      | Gained mutation: You are partially covered in thin metallic
                  | scales. (AC +2) [potion of mutation]
  2499 | D:3      | Gained mutation: You passively map a small area around you.
                  | [potion of mutation]
  2499 | D:3      | Gained mutation: You are clumsy. (Dex -2) [potion of
                  | mutation]
  2499 | D:3      | Gained mutation: Your mind is acute. (Int +2) [potion of
                  | mutation]
  2500 | D:3      | cool
  3282 | D:3      | Noticed Natasha
  3283 | D:3      | here kitty kitty pst pst pst
  3299 | D:3      | Killed Natasha
  3299 | D:3      | Reached *** piety under Trog
  3299 | D:3      | Reached skill level 1 in Slings
  3351 | D:3      | Reached skill level 1 in Maces & Flails
  3640 | D:4      | Reached XP level 6. HP: 47/56 MP: 5/5
  4174 | D:4      | Found a white marble altar of Elyvilon.
  4182 | D:4      | Found a bloodstained altar of Trog.
  4187 | D:4      | Found a snail-covered altar of Cheibriados.
  4296 | D:4      | Found a glowing golden altar of the Shining One.
  4296 | D:4      | Found a radiant altar of Vehumet.
  4312 | D:5      | Entered Level 5 of the Dungeon
  4372 | D:5      | Reached XP level 7. HP: 51/62 MP: 6/6
  4570 | D:5      | Found a staircase to the Ecumenical Temple.
  4710 | D:5      | Found a burning altar of Makhleb.
  4724 | D:5      | Reached **** piety under Trog
  4990 | Temple   | Entered the Ecumenical Temple
  5011 | D:6      | Received a gift from Trog
  5091 | D:6      | Reached skill level 6 in Fighting
  6069 | D:6      | Found a basalt altar of Yredelemnul.
  6285 | D:7      | Reached XP level 8. HP: 54/71 MP: 7/7
  6520 | D:7      | Noticed a hornet
  6524 | D:7      | Paralysed by a hornet for 2 turns
  6529 | D:7      | oh
  6531 | D:7      | Killed a hornet
  6531 | D:7      | Reached skill level 5 in Maces & Flails
  6531 | D:7      | Reached skill level 5 in Dodging
  6535 | D:7      | Reached skill level 7 in Fighting
  6842 | D:7      | gd i almost died to a hornet
  6904 | D:7      | Slain by an orc warrior

Skill      XL: |  1  2  3  4  5  6  7  8 |
---------------+-------------------------+-----
Fighting       | 4 5 6 7 |  7.0
Polearms       | 4 5 |  5.7
Throwing       | 1 |  1.1
Dodging        | 3 4 5 |  5.3
Slings         | 1 2 3 4 |  4.2
Maces & Flails | 1 3 4 5 |  5.4
Armour         | 3 4 |  4.7
Stealth        | |  0.6

Action                   |  1- 3 |  4- 6 |  7- 9 || total
-------------------------+-------+-------+-------++-------
Melee: Spear             |    97 |    93 |       ||   190
       Headbutt          |    12 |    24 |    32 ||    68
       Mace              |       |    84 |   131 ||   215
       Quarterstaff      |       |    11 |       ||    11
 Fire: Hunting sling     |       |    32 |    11 ||    43
Throw: Stone             |     7 |    16 |       ||    23
Invok: Berserk           |       |     1 |       ||     1
Evoke: Wand              |       |       |     1 ||     1
  Use: Scroll            |     3 |     3 |     5 ||    11
       Potion            |     1 |     1 |     1 ||     3
 Stab: Sleeping          |     1 |       |       ||     1
  Eat: Chunk             |     1 |     7 |     4 ||    12
       Ration            |       |     1 |     2 ||     3
Armor: Animal skin       |    11 |    11 |       ||    22
       Leather armour    |       |    30 |    23 ||    53
Dodge: Dodged            |    23 |    97 |    78 ||   198
